Map: Ice and Chrome LE

Players

A.I. 1 (Very Easy) - Winner!

  • Race: Terran Terran
  • Spawn Location: 1:00

Dapapoose

  • Race: Protoss Protoss
  • League: Diamond
  • Spawn Location: 7:00

VOD

Have the link to the VOD?

Description

Blink Stalker build designed to put early pressure on T in order to secure 3rd. Transition into Colossus/ Disruptor

Time

  • Played on: Aug. 19, 2020, 2:16 a.m.
  • Length: 5:37
Show
View Real Time Build Order
Export as new Build Order

A.I. 1 (Very Easy) Terran - Winner!

Build Orders:  

Get SALT Encoding   

  12  0:00  SCV  
  13  0:13  SCV  
  14  0:18  Supply Depot  
  14  0:37  Refinery  
  14  0:41  Barracks  
  14  1:04  Supply Depot  
  14  1:12  Refinery  
  14  1:27  Marine  
  14  1:30  Orbital Command  
  15  1:56  SCV  
  16  2:08  SCV  
  16  2:10  Barracks Tech Lab  
  17  2:20  SCV  
  18  2:28  Marauder  
  20  2:32  SCV  
  21  2:45  SCV  
  22  2:57  SCV  
  23  3:10  Marine  
Show
View Real Time Build Order
Export as new Build Order

Dapapoose Protoss 

Build Orders: 1 Gate Expand, Blink Stalkers 

Get SALT Encoding   

  12  0:00  Probe  
  13  0:12  Probe  
  14  0:18  Pylon  
  14  0:26  Probe  
  15  0:36  Gateway  
  15  0:39  Probe (Chrono Boost)  
  16  0:44  Assimilator  
  16  0:49  Probe (Chrono Boost)  
  17  0:54  Probe (Chrono Boost)  
  18  1:05  Probe  
  19  1:18  Probe  
  20  1:23  Cybernetics Core  
  20  1:35  Nexus  
  20  1:41  Pylon  
  20  1:43  Probe  
  21  1:56  Probe  
  21  1:57  Adept (Chrono Boost)  
  21  2:00  Warp Gate  
  24  2:08  Probe, Assimilator  
  25  2:18  Stalker (Chrono Boost)  
  25  2:20  Probe  
  28  2:32  Probe  
  29  2:37  Pylon  
  29  2:41  Twilight Council  
  29  2:44  Probe  
  29  2:46  Stalker  
  32  2:55  Probe  
  32  2:56  Probe  
  34  3:04  Robotics Facility  
  34  3:07  Probe  
  34  3:08  Probe  
  36  3:19  Probe  
  37  3:20  Probe  
  37  3:23  Robotics Facility  
  37  3:25  Gateway  
  37  3:26  Blink (Chrono Boost)  
  38  3:29  Gateway  
  39  3:40  Probe x2  
  40  3:50  Gateway  
  40  3:54  Observer (Chrono Boost)  
  40  3:55  Probe x2  
  43  4:07  Probe  
  44  4:14  Pylon  
  44  4:17  Warp Prism (Chrono Boost)  
  44  4:18  Stalker, Pylon  
  48  4:24  Probe  
  48  4:30  Pylon  
  49  4:32  Stalker  
  49  4:36  Stalker  
  53  4:48  Stalker x2  
  57  5:02  Stalker x2  
  61  5:08  Assimilator  
  61  5:25  Stalker x3  
  67  5:31  Stalker  
Tags
 
Add a new tag
Caveats
  • Supply blocks, unpowered buildings, or Contaminate may cause inaccurate times.
  • Supply counts are checked every 10 seconds.